[Event "17th Aeroflot Open-A 2019"]
[Site "Moscow"]
[Date "2019.02.22"]
[Round "3.30"]
[White "Tahbaz, Arash"]
[Black "Goganov, Aleksey"]
[Result "1/2-1/2"]
[ECO "C67"]
[WhiteElo "2484"]
[BlackElo "2612"]
[Annotator "ChessBase"]
[PlyCount "120"]
[EventDate "2019.02.19"]
[EventCountry "RUS"]
[SourceTitle "playchess.com"]
[Source "ChessBase"]
[SourceQuality "1"]
[TimeControl "40/5400+30:1800+30"]

1. e4 e5 2. Nf3 Nc6 3. Bb5 Nf6 4. O-O Nxe4 5. Re1 Nd6 6. Nxe5 Be7 7. Bf1 Nxe5 8. Rxe5 O-O 9. d4 Bf6 10. Re1 Re8 11. c3 Rxe1 12. Qxe1 Ne8 13. d5 d6 14. c4 Qe7 15. Qxe7 Bxe7 16. Nc3 Bf6 17. Bd2 c6 18. Re1 Bd7 19. dxc6 bxc6 20. b3 Kf8 21. g3 Bd4 22. Bg2 Rc8 23. Na4 h6 24. Rd1 Bg4 25. Re1 Bd7 26. h3 c5 27. Nc3 Bxc3 28. Bxc3 Bc6 29. Bxc6 Rxc6 30. f4 Nc7 31. f5 d5 32. Be5 dxc4 33. bxc4 f6 34. Bf4 Na8 35. Bb8 Nb6 36. Bxa7 Nxc4 37. Rc1 Rc7 38. Bb8 Rb7 39. Bf4 Rb4 40. Kf2 Ra4 41. Rc2 Ke7 42. Ke2 Nd6 43. Rxc5 Rxa2+ 44. Kf3 Ne8 45. Rb5 Ra7 46. Rd5 h5 47. Be3 Rb7 48. Bc5+ Kf7 49. Rd8 Rc7 50. Bb4 Rb7 51. Bc5 Rc7 52. Be3 Re7 53. g4 hxg4+ 54. hxg4 g6 55. Bc5 Rc7 56. Bb4 gxf5 57. gxf5 Rb7 58. Bc5 Rc7 59. Rd5 Rb7 60. Bd4 Re7 {[%emt 0:00:31] Ke4} 1/2-1/2

[Event "17th Aeroflot Open-A 2019"]
[Site "Moscow"]
[Date "2019.02.22"]
[Round "3.31"]
[White "Flom, Gabriel"]
[Black "Gordievsky, Dmitry"]
[Result "1/2-1/2"]
[ECO "B07"]
[WhiteElo "2460"]
[BlackElo "2603"]
[Annotator "ChessBase"]
[PlyCount "102"]
[EventDate "2019.02.19"]
[EventCountry "RUS"]
[SourceTitle "playchess.com"]
[Source "ChessBase"]
[SourceQuality "1"]
[TimeControl "40/5400+30:1800+30"]

1. d4 d6 2. e4 Nf6 3. Nc3 c6 4. Nf3 g6 5. Be3 Bg7 6. Qd2 b5 7. Bd3 O-O 8. Bh6 Bg4 9. Nh4 e5 10. dxe5 dxe5 11. h3 Be6 12. Nf3 Nbd7 13. Ne2 c5 14. Ng3 c4 15. Bxg7 Kxg7 16. Be2 Qe7 17. O-O Rfc8 18. Rad1 h6 19. Nh4 Nxe4 20. Nxe4 Qxh4 21. f4 Rd8 22. Qc3 Qe7 23. fxe5 Rab8 24. Rd6 Nf8 25. Rfd1 Rdc8 26. Nf6 Qc7 27. Bg4 Qc5+ 28. Kh2 b4 29. Qg3 Bxg4 30. R1d5 Qc7 31. Qxg4 b3 32. Qf4 Qe7 33. cxb3 cxb3 34. axb3 Rxb3 35. Qh4 Rb7 36. b4 Rcb8 37. b5 Rc8 38. Qg4 Rbc7 39. Nh5+ Kh8 40. Nf6 Kg7 41. h4 Rc5 42. Qf4 Ne6 43. Qg3 Rc3 44. Rd7 Qxd7 45. Rxd7 Rxg3 46. Kxg3 Rb8 47. Rxa7 Rxb5 48. Ne8+ Kf8 49. Nd6 Rxe5 50. Rxf7+ Kg8 51. Rf6 Nf8 1/2-1/2

[Event "17th Aeroflot Open-A 2019"]
[Site "Moscow"]
[Date "2019.02.22"]
[Round "3.35"]
[White "Zhu, Jiner"]
[Black "Petrosyan, Manuel"]
[Result "0-1"]
[ECO "B12"]
[WhiteElo "2442"]
[BlackElo "2564"]
[Annotator "RC"]
[PlyCount "96"]
[EventDate "2019.02.19"]
[EventCountry "RUS"]
[SourceTitle "playchess.com"]
[Source "ChessBase"]
[SourceQuality "1"]
[TimeControl "40/5400+30:1800+30"]

1. e4 c6 2. d4 d5 3. e5 Bf5 4. h4 h5 5. Bd3 Bxd3 6. Qxd3 e6 7. Bg5 Be7 8. Nf3 Nh6 9. Bxh6 Rxh6 10. Nbd2 Nd7 11. c4 dxc4 12. Nxc4 Nb6 13. a3 Rg6 14. Ne3 Nd5 15. g3 Nxe3 16. Qxe3 Rg4 17. O-O-O Qd5 18. Ng5 c5 19. dxc5 Bxc5 20. Qe2 Qc4+ 21. Qxc4 Rxc4+ 22. Kb1 Be7 23. f3 Rc5 24. f4 Rc4 25. Rc1 Rac8 26. Ne4 f6 27. exf6 gxf6 28. Nd2 Rxc1+ 29. Rxc1 Rxc1+ 30. Kxc1 f5 31. Kd1 Bc5 32. Ke2 b5 33. Nb3 Bb6 34. Kd3 Kd7 35. Nd4 a6 36. b3 Kd6 37. Ne2 Bf2 38. Kc3 Bc5 39. a4 bxa4 40. bxa4 Kd5 41. Kd3 Bf2 42. Nc3+ Kc6 43. Ne2 Kc5 44. a5 Be1 45. Ke3 Kd5 46. Nd4 Bxa5 47. Nf3 Bb6+ 48. Kd3 Bf2 0-1

[Event "17th Aeroflot Open-A 2019"]
[Site "Moscow"]
[Date "2019.02.22"]
[Round "3.36"]
[White "Jumabayev, Rinat"]
[Black "Arjun Kalyan"]
[Result "1-0"]
[ECO "A11"]
[WhiteElo "2604"]
[BlackElo "2444"]
[Annotator "ChessBase"]
[PlyCount "87"]
[EventDate "2019.02.19"]
[EventCountry "RUS"]
[SourceTitle "playchess.com"]
[Source "ChessBase"]
[SourceQuality "1"]
[TimeControl "40/5400+30:1800+30"]

1. c4 c6 2. g3 d5 3. Bg2 Nf6 4. Nf3 Bg4 5. cxd5 Bxf3 6. Bxf3 cxd5 7. O-O e6 8. d4 Nc6 9. Nc3 Be7 10. e3 O-O 11. Qe2 Rc8 12. Bd2 Na5 13. Rfc1 Nc4 14. Be1 Nd6 15. a4 Qd7 16. a5 Rc7 17. a6 Rfc8 18. Na2 Rxc1 19. Nxc1 b6 20. Nd3 Qc7 21. Qd1 Nd7 22. Be2 Qc2 23. Qxc2 Rxc2 24. Kf1 Rc7 25. g4 Kf8 26. Bd1 Ke8 27. f3 Nc4 28. Ke2 Rc8 29. h4 Nb8 30. g5 f6 31. gxf6 gxf6 32. e4 Nc6 33. Ba4 Kf7 34. Bc3 Bd6 35. Bb5 Ne7 36. h5 Rg8 37. Be1 Rg2+ 38. Bf2 Na5 39. e5 Bb8 40. Ra3 fxe5 41. Nxe5+ Bxe5 42. dxe5 Nc4 43. Rc3 Rg8 44. b3 1-0

[Event "17th Aeroflot Open-A 2019"]
[Site "Moscow"]
[Date "2019.02.22"]
[Round "3.37"]
[White "Karthik Venkataraman"]
[Black "Paravyan, David"]
[Result "0-1"]
[ECO "C65"]
[WhiteElo "2494"]
[BlackElo "2627"]
[Annotator "ChessBase"]
[PlyCount "98"]
[EventDate "2019.02.19"]
[EventCountry "RUS"]
[SourceTitle "playchess.com"]
[Source "ChessBase"]
[SourceQuality "1"]
[TimeControl "40/5400+30:1800+30"]

1. e4 e5 2. Nf3 Nc6 3. Bb5 Nf6 4. d3 Bc5 5. Ba4 O-O 6. c3 d6 7. Bg5 Bb6 8. Nbd2 Be6 9. Qe2 Kh8 10. Bh4 Ne7 11. Bxf6 gxf6 12. d4 Rg8 13. g3 a5 14. Nc4 Ba7 15. Ne3 c6 16. Rd1 Qc7 17. Nh4 exd4 18. cxd4 d5 19. exd5 Nxd5 20. Qf3 Rae8 21. O-O Qf4 22. Qxf4 Nxf4 23. Kh1 Nd5 24. Nef5 b5 25. Bc2 Nb4 26. Bb1 Bd5+ 27. Kg1 Nxa2 28. Bxa2 Bxa2 29. Ra1 Bc4 30. Rfc1 Re4 31. Rxa5 Bxd4 32. Nxd4 Rxd4 33. Nf5 Rd2 34. Ne3 Be6 35. b4 Rc8 36. Rb1 Kg8 37. Ra7 Kf8 38. h4 Rd7 39. Ra6 Rd4 40. Ra7 Rd7 41. Ra6 Ke7 42. Kg2 Rd4 43. Ra7+ Kd6 44. Rb2 h6 45. Kf3 f5 46. Rb1 Ke5 47. Rb2 f4 48. Ng4+ Kf5 49. Nxh6+ Kg6 0-1

[Event "17th Aeroflot Open-A 2019"]
[Site "Moscow"]
[Date "2019.02.22"]
[Round "3.38"]
[White "Henderson de La Fuente, Lance"]
[Black "Vaibhav, Suri"]
[Result "0-1"]
[ECO "B12"]
[WhiteElo "2490"]
[BlackElo "2575"]
[Annotator "ChessBase"]
[PlyCount "86"]
[EventDate "2019.02.19"]
[EventCountry "RUS"]
[SourceTitle "playchess.com"]
[Source "ChessBase"]
[SourceQuality "1"]
[TimeControl "40/5400+30:1800+30"]

1. e4 c6 2. d4 d5 3. e5 c5 4. dxc5 e6 5. Nf3 Bxc5 6. a3 Ne7 7. b4 Bb6 8. Bb2 a5 9. Nbd2 axb4 10. axb4 Rxa1 11. Qxa1 O-O 12. Bd3 Na6 13. Qa3 Ng6 14. O-O Qe7 15. b5 Nc5 16. Bxg6 hxg6 17. c4 Bd8 18. Rc1 b6 19. cxd5 exd5 20. Nb3 Qb7 21. Nxc5 bxc5 22. Qxc5 Bd7 23. Rb1 Bb6 24. Qb4 Rc8 25. h3 Rc4 26. Qe7 Qc8 27. Qd6 Bf5 28. Rd1 Qb7 29. Bd4 Bc7 30. Qe7 Qxb5 31. Ra1 Qb8 32. Ra7 Be6 33. Ng5 Qc8 34. Nxe6 fxe6 35. f4 Kh7 36. Bf2 Qb8 37. Qxe6 Rxf4 38. Ra1 Rxf2 39. Ra6 Rf8 40. Qxg6+ Kg8 41. Qe6+ Kh8 42. Qxd5 Qb1+ 43. Kh2 Bb6 0-1

[Event "17th Aeroflot Open-A 2019"]
[Site "Moscow"]
[Date "2019.02.22"]
[Round "3.39"]
[White "Sargsyan, Shant"]
[Black "Narayanan, Srinath"]
[Result "1-0"]
[ECO "E15"]
[WhiteElo "2488"]
[BlackElo "2572"]
[Annotator "ChessBase"]
[PlyCount "55"]
[EventDate "2019.02.19"]
[EventCountry "RUS"]
[SourceTitle "playchess.com"]
[Source "ChessBase"]
[SourceQuality "1"]
[TimeControl "40/5400+30:1800+30"]

1. d4 Nf6 2. c4 e6 3. Nf3 b6 4. g3 Bb4+ 5. Bd2 Be7 6. Nc3 Bb7 7. Bg2 c6 8. O-O d5 9. b3 Nbd7 10. Qc2 O-O 11. Rfd1 Rc8 12. e4 c5 13. exd5 exd5 14. Bf4 dxc4 15. d5 Nh5 16. Be3 cxb3 17. axb3 c4 18. Rxa7 cxb3 19. Qxb3 Bc5 20. Bg5 Qc7 21. d6 Qb8 22. Rxb7 Qxb7 23. Ne5 Qa7 24. Nb5 Qa5 25. Nxd7 Rfe8 26. Nxc5 Re1+ 27. Rxe1 Qxe1+ 28. Bf1 1-0

[Event "17th Aeroflot Open-A 2019"]
[Site "Moscow"]
[Date "2019.02.23"]
[Round "4.4"]
[White "Kulaots, Kaido"]
[Black "Martirosyan, Haik M."]
[Result "1/2-1/2"]
[ECO "C67"]
[WhiteElo "2542"]
[BlackElo "2616"]
[Annotator "RC"]
[PlyCount "47"]
[EventDate "2019.02.19"]
[EventCountry "RUS"]
[SourceTitle "playchess.com"]
[Source "ChessBase"]
[SourceQuality "1"]
[TimeControl "40/5400+30:1800+30"]

1. e4 e5 2. Nf3 Nc6 3. Bb5 Nf6 4. O-O Nxe4 5. d4 Nd6 6. Bxc6 dxc6 7. dxe5 Nf5 8. Qxd8+ Kxd8 9. h3 h5 10. Nc3 Be7 11. Bf4 Bd7 12. Rad1 Kc8 13. Bg5 Re8 14. Bxe7 Rxe7 15. Ne2 b6 16. Nf4 h4 17. Rfe1 Kb7 18. Kh2 Rae8 19. g4 hxg3+ 20. fxg3 c5 21. Nd5 Re6 22. Nf4 R6e7 23. Nd5 Re6 24. Nf4 1/2-1/2

[Event "17th Aeroflot Open-A 2019"]
[Site "Moscow"]
[Date "2019.02.23"]
[Round "4.27"]
[White "Ghaem Maghami, Ehsan"]
[Black "Firouzja, Alireza"]
[Result "0-1"]
[ECO "B30"]
[WhiteElo "2540"]
[BlackElo "2618"]
[Annotator "RC"]
[PlyCount "100"]
[EventDate "2019.02.19"]
[EventCountry "RUS"]
[SourceTitle "playchess.com"]
[Source "ChessBase"]
[SourceQuality "1"]
[TimeControl "40/5400+30:1800+30"]

1. e4 c5 2. Nf3 Nc6 3. c3 Nf6 4. e5 Nd5 5. d4 cxd4 6. cxd4 d6 7. Bc4 Nb6 8. Bb5 Bd7 9. Nc3 dxe5 10. dxe5 g6 11. h3 Bg7 12. Qe2 Qc7 13. Bf4 a6 14. Bd3 O-O 15. O-O Rad8 16. Rac1 Be6 17. Qe3 Bc4 18. e6 Qc8 19. Rfd1 Bxd3 20. Qxb6 Qxe6 21. Qxb7 Rd7 22. Qb6 Nd4 23. Qxe6 Nxf3+ 24. gxf3 fxe6 25. Be3 Rxf3 26. Rd2 Rxh3 27. Rcd1 Bxc3 28. Rxd3 Rxd3 29. Rxd3 Bxb2 30. Rd8+ Kf7 31. Ra8 Rh4 32. Rxa6 Rc4 33. Kg2 Bd4 34. Bxd4 Rxd4 35. a4 Rd3 36. a5 Ra3 37. Ra8 e5 38. a6 e4 39. a7 h5 40. Kh2 Kg7 41. Kg2 g5 42. Kh2 g4 43. Re8 Rxa7 44. Kg3 Ra3+ 45. Kf4 Rf3+ 46. Kg5 e3 47. Rxe7+ Kf8 48. Rxe3 Rxe3 49. fxe3 g3 50. Kxh5 g2 0-1

[Event "17th Aeroflot Open-A 2019"]
[Site "Moscow"]
[Date "2019.02.23"]
[Round "4.35"]
[White "Yakubboev, Nodirbek"]
[Black "Flom, Gabriel"]
[Result "1-0"]
[ECO "C02"]
[WhiteElo "2569"]
[BlackElo "2460"]
[Annotator "ChessBase"]
[PlyCount "89"]
[EventDate "2019.02.19"]
[EventCountry "RUS"]
[SourceTitle "playchess.com"]
[Source "ChessBase"]
[SourceQuality "1"]
[TimeControl "40/5400+30:1800+30"]

1. e4 e6 2. d4 d5 3. e5 c5 4. c3 Nc6 5. Nf3 Qb6 6. a3 Nh6 7. b4 cxd4 8. Bxh6 gxh6 9. cxd4 Bd7 10. Ra2 Rg8 11. g3 h5 12. Be2 h4 13. Rd2 Be7 14. Nc3 Nd8 15. Na4 Bxa4 16. Qxa4+ Kf8 17. O-O Rc8 18. Rc2 Rxc2 19. Qxc2 a5 20. Qxh7 axb4 21. axb4 hxg3 22. hxg3 Qxb4 23. Kg2 Qb6 24. Rb1 Qc7 25. Ra1 Qb8 26. Bb5 Nc6 27. Ra2 Rg7 28. Qh6 Kg8 29. Rc2 Na7 30. Bd3 Nc6 31. Rc1 Kf8 32. Rh1 Qd8 33. Qf4 Ke8 34. Rh8+ Bf8 35. Kh3 Kd7 36. Qf6 Ne7 37. Ng5 Ng8 38. Qxd8+ Kxd8 39. Nh7 Ke7 40. f4 b5 41. Bxb5 Rg6 42. Bd3 Rh6+ 43. Kg2 f5 44. exf6+ Nxf6 45. Nxf8 1-0

[Event "17th Aeroflot Open-A 2019"]
[Site "Moscow"]
[Date "2019.02.23"]
[Round "4.36"]
[White "Dai, Changren"]
[Black "Moroni, Luca Jr"]
[Result "0-1"]
[ECO "C95"]
[WhiteElo "2473"]
[BlackElo "2567"]
[Annotator "ChessBase"]
[PlyCount "80"]
[EventDate "2019.02.19"]
[EventCountry "RUS"]
[SourceTitle "playchess.com"]
[Source "ChessBase"]
[SourceQuality "1"]
[TimeControl "40/5400+30:1800+30"]

1. e4 e5 2. Nf3 Nc6 3. Bb5 a6 4. Ba4 Nf6 5. O-O Be7 6. Re1 b5 7. Bb3 d6 8. c3 O-O 9. h3 Nb8 10. d4 Nbd7 11. Nbd2 Bb7 12. Bc2 Re8 13. Nf1 Bf8 14. Ng3 g6 15. a4 Nb6 16. a5 Nbd7 17. d5 c6 18. dxc6 Bxc6 19. b4 Qc7 20. Bb3 Bg7 21. Qc2 h6 22. Be3 Qb7 23. Qa2 Nf8 24. Bb6 d5 25. exd5 Bxd5 26. Nxe5 Bxb3 27. Qxb3 Nd5 28. Bd4 Nf4 29. f3 N8e6 30. Ne4 Qc7 31. Ng4 Nxd4 32. Ngf6+ Kh8 33. cxd4 Re6 34. Rac1 Qd8 35. Ng4 f5 36. g3 Qd5 37. Nc5 Rxe1+ 38. Rxe1 Bxd4+ 39. Ne3 Bxc5 40. Qxd5 Bxe3+ 0-1

[Event "17th Aeroflot Open-A 2019"]
[Site "Moscow"]
[Date "2019.02.23"]
[Round "5.6"]
[White "Narayanan.S.L"]
[Black "Chigaev, Maksim"]
[Result "0-1"]
[ECO "D71"]
[WhiteElo "2593"]
[BlackElo "2613"]
[Annotator "ChessBase"]
[PlyCount "66"]
[EventDate "2019.02.19"]
[EventCountry "RUS"]
[SourceTitle "playchess.com"]
[Source "ChessBase"]
[SourceQuality "1"]
[TimeControl "40/5400+30:1800+30"]

1. d4 Nf6 2. c4 g6 3. g3 c6 4. Bg2 d5 5. Qa4 dxc4 6. Qxc4 Bg7 7. Nf3 O-O 8. O-O Bf5 9. Nc3 Nbd7 10. h3 a5 11. Qb3 Nb6 12. a4 Be6 13. Qd1 Bc4 14. Re1 Nbd5 15. Ne5 Ba6 16. Nd3 Nd7 17. e4 N5b6 18. d5 Nc4 19. dxc6 bxc6 20. Qc2 Qb6 21. Rb1 Rfd8 22. b3 Nce5 23. Nxe5 Nxe5 24. Be3 Qb7 25. Rbd1 h5 26. Rxd8+ Rxd8 27. f4 Qb4 28. Rc1 Rd3 29. Nd1 Qe1+ 30. Kh2 Rxe3 31. Nxe3 Qxe3 32. Qc5 Nf3+ 33. Kh1 Bd4 0-1

[Event "17th Aeroflot Open-A 2019"]
[Site "Moscow"]
[Date "2019.02.23"]
[Round "5.13"]
[White "Ganguly, Surya Shekhar"]
[Black "Yakubboev, Nodirbek"]
[Result "1/2-1/2"]
[ECO "A05"]
[WhiteElo "2636"]
[BlackElo "2569"]
[Annotator "ChessBase"]
[PlyCount "89"]
[EventDate "2019.02.19"]
[EventCountry "RUS"]
[SourceTitle "playchess.com"]
[Source "ChessBase"]
[SourceQuality "1"]
[TimeControl "40/5400+30:1800+30"]

1. Nf3 Nf6 2. g3 d5 3. Bg2 c6 4. O-O Bf5 5. d3 h6 6. c4 e6 7. Qb3 Qb6 8. Nc3 Nbd7 9. cxd5 Qxb3 10. axb3 exd5 11. e4 dxe4 12. dxe4 Be6 13. Nd4 Bc5 14. Nce2 Bb6 15. Be3 Ng4 16. Bd2 Nc5 17. Bc3 O-O 18. b4 Nb3 19. Nxb3 Bxb3 20. Bf3 Nf6 21. Nd4 Bc4 22. Rfe1 Rfd8 23. Nf5 Ne8 24. h4 Be6 25. Kg2 Rd7 26. g4 f6 27. Rh1 Nd6 28. Nxd6 Rxd6 29. Rhd1 Rad8 30. Be2 Rxd1 31. Rxd1 Rxd1 32. Bxd1 Bc7 33. Bd4 b6 34. Kf3 Be5 35. Bxe5 fxe5 36. g5 hxg5 37. hxg5 Kf7 38. Kg3 Ke7 39. f4 exf4+ 40. Kxf4 Kd6 41. e5+ Kc7 42. Ke4 Kd7 43. Kd4 Ke7 44. Bf3 Kd7 45. Bd1 1/2-1/2

[Event "17th Aeroflot Open-A 2019"]
[Site "Moscow"]
[Date "2019.02.23"]
[Round "5.15"]
[White "Abdusattorov, Nodirbek"]
[Black "Sarana, Alexey"]
[Result "1/2-1/2"]
[ECO "B51"]
[WhiteElo "2560"]
[BlackElo "2630"]
[Annotator "ChessBase"]
[PlyCount "55"]
[EventDate "2019.02.19"]
[EventCountry "RUS"]
[SourceTitle "playchess.com"]
[Source "ChessBase"]
[SourceQuality "1"]
[TimeControl "40/5400+30:1800+30"]

1. e4 c5 2. Nf3 d6 3. Bb5+ Nd7 4. d4 cxd4 5. Qxd4 a6 6. Bxd7+ Bxd7 7. c4 e5 8. Qd3 b5 9. Nc3 bxc4 10. Qxc4 Be6 11. Qd3 h6 12. O-O Nf6 13. Nd2 Qc7 14. Rd1 Be7 15. Nf1 O-O 16. Ne3 Rfc8 17. Bd2 Qb7 18. b3 Bd8 19. Rac1 Bb6 20. Ncd5 Bxd5 21. exd5 Rxc1 22. Bxc1 Bxe3 23. Bxe3 Rc8 24. h3 Qb5 25. Qf5 Qd7 26. Qd3 Qb5 27. Qf5 Qd7 28. Qd3 1/2-1/2

[Event "17th Aeroflot Open-A 2019"]
[Site "Moscow"]
[Date "2019.02.23"]
[Round "5.18"]
[White "Lupulescu, Constantin"]
[Black "Xu, Yi"]
[Result "1/2-1/2"]
[ECO "D38"]
[WhiteElo "2610"]
[BlackElo "2520"]
[Annotator "ChessBase"]
[PlyCount "73"]
[EventDate "2019.02.19"]
[EventCountry "RUS"]
[SourceTitle "playchess.com"]
[Source "ChessBase"]
[SourceQuality "1"]
[TimeControl "40/5400+30:1800+30"]

1. d4 Nf6 2. c4 e6 3. Nf3 d5 4. Nc3 Bb4 5. cxd5 exd5 6. Bg5 h6 7. Bh4 O-O 8. e3 Bf5 9. Qb3 Bxc3+ 10. Qxc3 Nbd7 11. Be2 c6 12. Qa3 Re8 13. Nd2 Nf8 14. O-O Ng6 15. Bg3 Ne4 16. Nxe4 Bxe4 17. Rfc1 Ne7 18. b4 a6 19. Qa5 Qxa5 20. bxa5 Rad8 21. h3 Nf5 22. Bh2 Nd6 23. f3 Bh7 24. Kf2 f6 25. Rc3 Re7 26. Rac1 Kf8 27. g4 Bg6 28. Rc5 Rdd7 29. R1c3 Rd8 30. Ra3 Kf7 31. Rb3 Kf8 32. Rb4 Bf7 33. Bd3 g5 34. Bg3 Kg7 35. Rb2 Bg6 36. Bf1 h5 37. Bh2 1/2-1/2

[Event "17th Aeroflot Open-A 2019"]
[Site "Moscow"]
[Date "2019.02.23"]
[Round "5.19"]
[White "Debashis, Das"]
[Black "Idani, Pouya"]
[Result "1/2-1/2"]
[ECO "D31"]
[WhiteElo "2532"]
[BlackElo "2604"]
[Annotator "ChessBase"]
[PlyCount "60"]
[EventDate "2019.02.19"]
[EventCountry "RUS"]
[SourceTitle "playchess.com"]
[Source "ChessBase"]
[SourceQuality "1"]
[TimeControl "40/5400+30:1800+30"]

1. d4 d5 2. c4 e6 3. Nc3 a6 4. cxd5 exd5 5. Nf3 Nf6 6. Bg5 Be6 7. e3 Nbd7 8. Bd3 Bd6 9. Qc2 c6 10. Bf4 Qc7 11. Bxd6 Qxd6 12. h3 O-O 13. O-O g6 14. Na4 Qe7 15. b4 Ne4 16. Nc5 a5 17. Bxe4 dxe4 18. Qxe4 axb4 19. Nxe6 fxe6 20. Ne5 Nxe5 21. Qxe5 Rf5 22. Qe4 Rfa5 23. Qc2 Ra3 24. Rfb1 Rc3 25. Qd1 b5 26. Rb2 Qd6 27. Rab1 Ra4 28. Qd2 Rc4 29. Rb3 e5 30. Rd1 exd4 1/2-1/2

[Event "17th Aeroflot Open-A 2019"]
[Site "Moscow"]
[Date "2019.02.23"]
[Round "5.20"]
[White "Sadhwani, Raunak"]
[Black "Gordievsky, Dmitry"]
[Result "1/2-1/2"]
[ECO "B33"]
[WhiteElo "2448"]
[BlackElo "2603"]
[Annotator "ChessBase"]
[PlyCount "39"]
[EventDate "2019.02.19"]
[EventCountry "RUS"]
[SourceTitle "playchess.com"]
[Source "ChessBase"]
[SourceQuality "1"]
[TimeControl "40/5400+30:1800+30"]

1. e4 c5 2. Nf3 Nc6 3. d4 cxd4 4. Nxd4 Nf6 5. Nc3 e5 6. Ndb5 d6 7. Bg5 a6 8. Na3 b5 9. Nd5 Be7 10. Bxf6 Bxf6 11. c3 Bg5 12. Nc2 Ne7 13. a4 bxa4 14. Ncb4 Nxd5 15. Qxd5 Be6 16. Qc6+ Bd7 17. Qxd6 Be7 18. Qxe5 O-O 19. Qd4 Bxb4 20. cxb4 1/2-1/2

[Event "17th Aeroflot Open-A 2019"]
[Site "Moscow"]
[Date "2019.02.23"]
[Round "5.21"]
[White "Sethuraman, S.P."]
[Black "Sargsyan, Shant"]
[Result "1/2-1/2"]
[ECO "C50"]
[WhiteElo "2651"]
[BlackElo "2488"]
[Annotator "ChessBase"]
[PlyCount "97"]
[EventDate "2019.02.19"]
[EventCountry "RUS"]
[SourceTitle "playchess.com"]
[Source "ChessBase"]
[SourceQuality "1"]
[TimeControl "40/5400+30:1800+30"]

1. e4 e5 2. Nf3 Nc6 3. Bc4 Bc5 4. O-O Nf6 5. d3 h6 6. c3 d6 7. Re1 O-O 8. Nbd2 a5 9. Nf1 Be6 10. Bb5 Ba7 11. Ng3 Ne7 12. d4 c6 13. Bd3 Ng6 14. h3 a4 15. Be3 Re8 16. Qc2 Qc7 17. c4 Qa5 18. Bf1 b5 19. cxb5 cxb5 20. Qc6 Rab8 21. Bd2 Qb6 22. Qxb6 Rxb6 23. d5 Bd7 24. Bb4 Rc8 25. Rec1 Ne8 26. Rxc8 Bxc8 27. Rc1 Bd7 28. Ne2 Rb8 29. g3 f5 30. exf5 Bxf5 31. Nc3 e4 32. g4 exf3 33. gxf5 Nf4 34. Re1 Bd4 35. Nxb5 Nxh3+ 36. Bxh3 Rxb5 37. Rxe8+ Kf7 38. Re6 Rxb4 39. Bg4 Bxf2+ 40. Kxf2 Rxg4 41. Kxf3 Rb4 42. Rxd6 Rxb2 43. a3 Rb3+ 44. Kf4 Rxa3 45. Ra6 Ra1 46. Ra7+ Kf6 47. Ra6+ Kf7 48. Ra7+ Kf6 49. Ra6+ {[%emt 0:00:07] Ke5+ Ke4+} 1/2-1/2

[Event "17th Aeroflot Open-A 2019"]
[Site "Moscow"]
[Date "2019.02.23"]
[Round "5.24"]
[White "Moroni, Luca Jr"]
[Black "Anton Guijarro, David"]
[Result "0-1"]
[ECO "E54"]
[WhiteElo "2567"]
[BlackElo "2642"]
[Annotator "ChessBase"]
[PlyCount "78"]
[EventDate "2019.02.19"]
[EventCountry "RUS"]
[SourceTitle "playchess.com"]
[Source "ChessBase"]
[SourceQuality "1"]
[TimeControl "40/5400+30:1800+30"]

1. d4 Nf6 2. c4 e6 3. Nc3 Bb4 4. e3 O-O 5. Bd3 d5 6. Nf3 dxc4 7. Bxc4 c5 8. O-O Nc6 9. a3 Ba5 10. Qd3 cxd4 11. exd4 h6 12. Bf4 Bxc3 13. bxc3 b6 14. Ba2 Bb7 15. Rfe1 Rc8 16. Rac1 Re8 17. h3 a6 18. a4 Nd5 19. Bd2 Qd6 20. Bb1 Nf6 21. Re3 Ne7 22. Ne5 Nf5 23. Re2 Qd5 24. f3 b5 25. axb5 axb5 26. g4 Ne7 27. h4 Kf8 28. Rf1 Nc6 29. Nxf7 Kxf7 30. Qg6+ Kg8 31. g5 Ne7 32. Qc2 Nf5 33. gxf6 gxf6 34. Ba2 Rc4 35. Bxc4 Qxc4 36. Rg2+ Kh7 37. h5 Ra8 38. Bf4 Bd5 39. Kh2 Qxf1 0-1

[Event "17th Aeroflot Open-A 2019"]
[Site "Moscow"]
[Date "2019.02.23"]
[Round "5.25"]
[White "Sychev, Klementy"]
[Black "Iturrizaga Bonelli, Eduardo"]
[Result "1-0"]
[ECO "B13"]
[WhiteElo "2545"]
[BlackElo "2640"]
[Annotator "RC"]
[PlyCount "45"]
[EventDate "2019.02.19"]
[EventCountry "RUS"]
[SourceTitle "playchess.com"]
[Source "ChessBase"]
[SourceQuality "1"]
[TimeControl "40/5400+30:1800+30"]

1. e4 c6 2. d4 d5 3. exd5 cxd5 4. Bd3 Nc6 5. c3 g6 6. Bf4 Bg7 7. Nf3 Nh6 8. Qd2 Nf5 9. O-O O-O 10. Re1 Re8 11. Na3 a6 12. Nc2 Nd6 13. Ne3 e6 14. Nxd5 exd5 15. Bxd6 Rxe1+ 16. Rxe1 Bxd4 17. Nxd4 Qxd6 18. Re8+ Kg7 19. Qe3 Nd8 20. Qg5 Be6 21. Bxg6 h6 22. Qe3 Kxg6 23. Rh8 1-0

[Event "17th Aeroflot Open-A 2019"]
[Site "Moscow"]
[Date "2019.02.23"]
[Round "5.26"]
[White "Tsydypov, Zhamsaran"]
[Black "Alekseenko, Kirill"]
[Result "1/2-1/2"]
[ECO "C45"]
[WhiteElo "2547"]
[BlackElo "2634"]
[Annotator "ChessBase"]
[PlyCount "92"]
[EventDate "2019.02.19"]
[EventCountry "RUS"]
[SourceTitle "playchess.com"]
[Source "ChessBase"]
[SourceQuality "1"]
[TimeControl "40/5400+30:1800+30"]

1. e4 e5 2. Nf3 Nc6 3. d4 exd4 4. Nxd4 Bc5 5. Nb3 Bb6 6. Nc3 d6 7. Qe2 Be6 8. Be3 Nf6 9. O-O-O O-O 10. f3 Bxe3+ 11. Qxe3 a6 12. g4 b5 13. g5 Nd7 14. f4 Nb6 15. Nd4 Nxd4 16. Qxd4 Re8 17. Rg1 Qe7 18. f5 Bd7 19. f6 Qe5 20. fxg7 Bc6 21. h4 Kxg7 22. Bg2 Qxd4 23. Rxd4 f6 24. gxf6+ Kxf6 25. Rdd1 Ke5 26. Nd5 Bxd5 27. exd5 Nc4 28. Bh3 Rg8 29. Rge1+ Kf4 30. Rd4+ Kg3 31. Be6 Rgf8 32. b3 Kf2 33. Rde4 Ne5 34. R4e2+ Kg3 35. Rg1+ Kf3 36. Kd2 h5 37. Rg5 Rf4 38. Rxh5 Raf8 39. Re3+ Kf2 40. Rc3 Rd4+ 41. Kc1 b4 42. Rxc7 Ke3 43. Rf5 Rxf5 44. Bxf5 Rxh4 45. Ra7 Rh5 46. Bc8 Rh1+ 1/2-1/2

[Event "17th Aeroflot Open-A 2019"]
[Site "Moscow"]
[Date "2019.02.23"]
[Round "5.30"]
[White "Puranik, Abhimanyu"]
[Black "Van Foreest, Jorden"]
[Result "1/2-1/2"]
[ECO "A04"]
[WhiteElo "2538"]
[BlackElo "2618"]
[Annotator "ChessBase"]
[PlyCount "37"]
[EventDate "2019.02.19"]
[EventCountry "RUS"]
[SourceTitle "playchess.com"]
[Source "ChessBase"]
[SourceQuality "1"]
[TimeControl "40/5400+30:1800+30"]

1. Nf3 c5 2. g3 Nc6 3. Bg2 d5 4. d4 Nf6 5. O-O e6 6. c4 dxc4 7. dxc5 Qxd1 8. Rxd1 Bxc5 9. Nbd2 c3 10. bxc3 O-O 11. Nb3 Be7 12. c4 Bd7 13. Bb2 Rfd8 14. Nfd4 Rac8 15. Nb5 b6 16. Nd6 Bxd6 17. Rxd6 Be8 18. Rxd8 Nxd8 19. Rc1 1/2-1/2

[Event "17th Aeroflot Open-A 2019"]
[Site "Moscow"]
[Date "2019.02.23"]
[Round "5.34"]
[White "Maghsoodloo, Parham"]
[Black "Tahbaz, Arash"]
[Result "1-0"]
[ECO "D56"]
[WhiteElo "2666"]
[BlackElo "2484"]
[Annotator "ChessBase"]
[PlyCount "79"]
[EventDate "2019.02.19"]
[EventCountry "RUS"]
[SourceTitle "playchess.com"]
[Source "ChessBase"]
[SourceQuality "1"]
[TimeControl "40/5400+30:1800+30"]

1. d4 Nf6 2. c4 e6 3. Nf3 d5 4. Nc3 Be7 5. Bg5 h6 6. Bh4 O-O 7. Qc2 Ne4 8. Bxe7 Qxe7 9. e3 Nxc3 10. Qxc3 dxc4 11. Bxc4 b6 12. O-O Bb7 13. Be2 Rc8 14. b4 Nd7 15. Rfc1 c5 16. dxc5 bxc5 17. b5 a6 18. a4 axb5 19. Bxb5 Bc6 20. Bxc6 Rxc6 21. Nd2 c4 22. a5 Nf6 23. e4 Rca6 24. Ra2 Qc5 25. e5 Nd5 26. Qxc4 Qxc4 27. Nxc4 Rc6 28. g3 Rc5 29. Kg2 Ra7 30. h4 h5 31. Ra3 g6 32. Raa1 Nb4 33. Nd6 Rxe5 34. Rc4 Nd3 35. Rc8+ Kh7 36. a6 Rc5 37. Ra3 Rd5 38. Nxf7 Nb4 39. Ng5+ Kg7 40. Rc7+ 1-0